 Dungeon Crawl Stone Soup version 0.30-b1-6-gad0e9d6a2d (webtiles) character file.

Game seed: 4252554334786490408

43 Floobenga the Grasshopper (level 3, -8/16 HPs)
             Began as a Felid Warper on May 5, 2023.
             Killed from afar by an orc wizard (10 damage)
             ... with a puff of flame
             ... on level 5 of the Dungeon.
             The game lasted 00:51:48 (2712 turns).

Floobenga the Grasshopper (Felid Warper)            Turns: 2712, Time: 00:51:49

Health: -8/16      AC:  5    Str:  7    XL:     3   Next: 37%
Magic:  5/8        EV: 17    Int: 16    God:
Gold:   128        SH:  0    Dex: 15    Spells: 0/7 levels left
                                        Lives:  0   Deaths: 1

rFire   x x          .
                       - Unarmed
rCold   x . .        (shield unavailable)
rNeg    . . .        (body armour unavailable)
rPois   +            (helmet unavailable)
rElec   .            (cloak unavailable)
rCorr   .            (gloves unavailable)
SInv    +            (boots unavailable)
Will    .....        c - amulet of Elemental Vulnerability {rPois rF-- rC-- AC+8}
Stlth   +            k - ring of protection from cold
HPRegen 0.22/turn    (no ring)
MPRegen 0.11/turn

%: no passive effects
@: corroded, unable to drink, quick
A: very small, claws 1, fangs 3, see invisible, speed 1, shaggy fur 1, stealthy
paws, no weapons or thrown items, no armour, multi-lived, inability to drink
after injury 1
a: no special abilities


You were on level 5 of the Dungeon.
You visited 1 branch of the dungeon, and saw 6 of its levels.
You also visited: Ossuary.

You collected 128 gold pieces.

Inventory:

Jewellery
 b - a ring of ice
   (You found it on level 1 of the Dungeon)
 c - the amulet of Elemental Vulnerability (around neck) {rPois rF-- rC-- AC+8}
   (You found it on level 6 of the Dungeon)

   [amulet of nothing]

   AC:        It affects your AC (+8).
   rF:        It makes you very vulnerable to fire.
   rC:        It makes you very vulnerable to cold.
   rPois:     It protects you from poison.
 k - a ring of protection from cold (left paw)
   (You found it on level 2 of the Dungeon)
Wands
 a - a wand of quicksilver (10)
   (You found it on level 2 of the Dungeon)
 e - a wand of paralysis (5)
   (You found it on level 2 of the Dungeon)
 l - a wand of polymorph (6)
   (You found it on level 4 of the Dungeon)
Scrolls
 g - a scroll of acquirement {unknown}
 h - a scroll of fear {unknown}
 i - 2 scrolls of enchant armour {unknown}
 m - 2 scrolls of vulnerability {unknown}
 r - 3 scrolls of identify
 z - a scroll of blinking


   Skills:
 - Level 2.0 Fighting
 - Level 3.2 Dodging
 - Level 2.0 Unarmed Combat
 + Level 2.7 Spellcasting
 - Level 7.0 Translocations


You couldn't memorise any spells.
You knew the following spells:

 Your Spells              Type           Power      Damage    Failure   Level
a - Blink                 Tloc           48%        N/A       1%          2
b - Teleport Other        Tloc           24%        N/A       3%          3
c - Vhi's Electric Charg  Tloc/Air       26%        N/A       14%         3

Your spell library contained the following spells:

 Spells                   Type           Power      Damage    Failure   Level
 Lesser Beckoning         Tloc           48%        N/A       1%          2
 Manifold Assault         Tloc           24%        N/A       11%         4
 Passage of Golubria      Tloc           24%        N/A       11%         4
 Volatile Blastmotes      Fire/Tloc      26%        2d12      14%         3
 Iskenderun's Mystic Bla  Conj/Tloc      13%        2d5       41%         4
 Inner Flame              Hex/Fire       2%         N/A       50%         3
 Tukima's Dance           Hex            2%         N/A       50%         3
 Dispersal                Tloc           12%        N/A       86%         6
 Fulminant Prism          Conj/Hex       1%         3d5       88%         4
 Lee's Rapid Deconstruct  Erth           1%         3d4*      99%         5
 Yara's Violent Unravell  Hex/Tmut       1%         3d3       99%         5
 Enfeeble                 Hex            1%         N/A       100%        7
 Disjunction              Tloc           12%        N/A       100%        8


Dungeon Overview and Level Annotations

Branches:
Dungeon (6/15)            Ossuary (visited)
 Temple: D:4-7

Altars:
Nemelex Xobeh
Zin
The Shining One

Shops:
D:2 [   D:5 :

Annotations:
D:2 exclusion: gnoll, Robin
D:3 exclusion: goblin
D:4 exclusion: orc


Innate Abilities, Weirdness & Mutations

You have sharp claws.
You have razor-sharp teeth.
You have supernaturally acute eyesight. (SInv)
You cover ground quickly. (Speed+)
You are covered in fur. (AC +1)
Your paws help you pounce on unaware monsters.
You are incapable of wielding weapons or throwing items.
You cannot wear armour.
You gain extra lives every three experience levels.
You occasionally lose the ability to drink potions when taking damage.


Message History

Here: a gnoll zombie The floor.
The gnoll zombie hits you.
A kobold zombie comes into view.
The orc zombie misses you. 2 mummies come into view.
The orc zombie misses you. The gnoll zombie hits you.
There is a gate leading back out of this place here.
Welcome back to the Dungeon!
There is a collapsed entrance here.
You hear a distant slurping noise.
The jelly quivers.
You scratch the jelly.
Your paws burn!
The jelly is lightly wounded.
The jelly closely misses you.
There is a collapsed entrance here.
The jelly misses you.
There is an empty arch of ancient stone here.
Casting: Blink (safe; 1% risk of failure)
Confirm with . or Enter, or press ? or * to list all spells.
You blink.
You feel stable enough to blink again. The jelly barely misses you.
The jelly hits you. The acid corrodes you!
You are splashed with acid!
Ouch! That really hurt!
* * * LOW HITPOINT WARNING * * *
Casting: Blink (safe; 1% risk of failure)
Confirm with . or Enter, or press ? or * to list all spells.
The spell is quite dangerous to miscast (3% risk of failure)!
Continue anyway?
Aiming: Teleport Other (quite dangerous; 3% risk of failure)
Press: ? - help, Shift-Dir - straight line, f - jelly
Aim: a jelly (chance to affect: 72%)
The jelly looks slightly unstable.
The jelly disappears!
The orc wizard points at you and mumbles some strange words.
The puff of flame hits you! The fire burns you terribly!
You feel threatened and lose the ability to drink potions!
Ouch! That really hurt!
You die...

#####################
#...................#
####.#.................#
###.o..oo.§.@............#
#...###.########∩#########
#..### #.# #.# #..# #.#
###.### ##### #.. #.#
##.....## #.... #. #.#
#8.....8# ##### #. #[#
##.....## # ###.###
####### #....g#### #.#


You could see an orc wizard and an orc.

Vanquished Creatures
  A scorpion (D:5)
  4 adders (D:2)
5 creatures vanquished.

Notes
Turn   | Place    | Note
-------+----------+-------------------------------------------
     0 | D:1      | Floobenga the Felid Warper began the quest for the Orb.
     0 | D:1      | Reached XP level 1. HP: 9/9 MP: 4/4
   375 | D:2      | Noticed Robin
   418 | D:2      | Reached skill level 5 in Translocations
   418 | D:2      | Reached XP level 2. HP: 7/13 MP: 6/6
   464 | D:2      | Found Nicaixkubol's Antique Armour Shop.
   536 | D:1      | Learned a level 2 spell: Blink
   822 | D:2      | Reached skill level 6 in Translocations
   823 | D:2      | Reached XP level 3. HP: 12/16 MP: 3/7
   910 | D:2      | Learned a level 3 spell: Teleport Other
  1626 | D:3      | Found a glowing golden altar of the Shining One.
  1900 | D:3      | Found a glowing silver altar of Zin.
  2188 | D:4      | Found a sparkling altar of Nemelex Xobeh.
  2201 | D:5      | Entered Level 5 of the Dungeon
  2210 | D:5      | Found Less's Tiny Tomes.
  2278 | D:6      | Found the amulet of Elemental Vulnerability {rPois rF--
                  | rC-- AC+8}
  2463 | D:5      | Noticed a scorpion
  2591 | D:5      | Killed a scorpion
  2592 | D:5      | Reached skill level 7 in Translocations
  2592 | D:5      | Reached XP level 4. HP: 16/19 MP: 7/9
  2620 | D:5      | Learned a level 3 spell: Vhi's Electric Charge
  2628 | D:5      | Gained mutation: You occasionally lose the ability to drink
                  | potions when taking damage. [potion of mutation]
  2638 | D:5      | Killed from afar by an orc wizard
  2639 | D:5      | Reached XP level 3. HP: -5/16 MP: 7/8
  2639 | D:5      | Found a sand-covered staircase.
  2642 | Ossuary  | Entered an ossuary
  2712 | D:5      | Killed from afar by an orc wizard

Illustrated notes

Levels and vault maps discovered:
D:1:      beargit_arrival_diablo_church, layout_basic
D:2:      layout_loops_ring, serial_shops, nicolae_shop_hallway_plus,
          basic_ecumenical_altar, hex_tiny, kennysheep_doodads,
          patterned_corridor, uniq_robin
D:3:      layout_loops_ring, mainiacjoe_overflow_concentric_impassable,
          lemuel_tele_altar, st_stairs_11, hangedman_decor_riveting
D:4:      layout_loops_cross, grunt_gozag_statues, fedhas_altar_fruit_tree,
          nzn_hepliaklqana_mist_gate, lemuel_doored_altar
D:5:      layout_loops_ring, chequers_ossuary_entry_cave, minmay_misc_feat_rows,
          kennysheep_cross_room, columned_hall_lemuel,
          nicolae_shop_i_like_small_books_too
D:6:      kennysheep_slugbush, layout_loops_ring, serial_shops,
          kennysheep_mini_moat, minmay_manual_macuahuitl

Skill      XL: |  1  2  3 |
---------------+----------+-----
Translocations | 5 6 7 |  7.0
Fighting       | |  2.0
Dodging        | |  3.2
Unarmed Combat | |  2.0
Spellcasting   | |  2.7

Action                     |  1- 3 |  4- 6 || total
---------------------------+-------+-------++-------
  Melee: Unarmed           |    46 |     5 ||    51
         Bite              |     4 |     1 ||     5
   Cast: Blink             |    30 |     2 ||    32
         Teleport Other    |    11 |       ||    11
  Evoke: Wand              |     1 |       ||     1
    Use: Scroll            |     2 |       ||     2
         Potion            |     3 |     2 ||     5
 Armour: Skin              |    32 |     7 ||    39
  Dodge: Dodged            |   258 |     7 ||   265
